 Dungeon Crawl Stone Soup version 0.25.0-9-g26727b657a (webtiles) character file.

Game seed: 13318245274302719113

14 Descartes the Grasshopper (level 2, -2/13 HPs)
             Began as a Felid Warper on June 21, 2020.
             Slain by a gnoll
             ... wielding a +0 flail
              (10 damage)
             ... on level 1 of the Dungeon.
             The game lasted 00:00:50 (478 turns).

Descartes the Grasshopper (Felid Warper)             Turns: 478, Time: 00:00:51

Health: -2/13      AC:  1    Str:  7    XL:     2   Next: 27%
Magic:  6/6        EV: 18    Int: 14    God:
Gold:   57         SH:  0    Dex: 15    Spells: 5/5 levels left
                                        Lives:  0   Deaths: 0

rFire    . . .     SeeInvis +     - Unarmed
rCold    . . .     Gourm    .   (shield unavailable)
rNeg     . . .     Faith    .   (armour unavailable)
rPois    .         Spirit   .   (helmet unavailable)
rElec    .         Reflect  .   (cloak unavailable)
rCorr    .         Harm     .   (gloves unavailable)
MR       .....                  (boots unavailable)
Stlth    ++........             (no amulet)
HPRegen  0.04/turn              (no ring)
MPRegen  0.10/turn              (no ring)

@: quick
A: very small, no armour, no weapons or thrown items, stealth, claws 1, fangs 3,
see invisible, carnivore, speed 1, shaggy fur 1, slow metabolism 1, sharp paws
a: no special abilities


You were on level 1 of the Dungeon.
You were completely stuffed.

You visited 1 branch of the dungeon, and saw 1 of its levels.

You collected 57 gold pieces.

Inventory:

Missiles
 e - 6 stones
Scrolls
 b - a scroll of blinking
 f - a scroll of identify {unknown}
 g - a scroll of fear {unknown}
Potions
 a - a potion of cancellation {unknown}
 d - a potion of flight {unknown}
Comestibles
 c - a ration


   Skills:
 - Level 2.0 Fighting
 + Level 3.4 Dodging
 * Level 1.7 Stealth
 * Level 2.4 Unarmed Combat
 - Level 2.0 Spellcasting
   Level 4.4 Translocations


You had 5 spell levels left.
You didn't know any spells.
Your spell library contained the following spells:

 Spells                   Type           Power        Failure   Level  Hunger
 Blink                    Tloc           N/A          6%          2    ###....
 Gell's Gravitas          Tloc           ##........   12%         3    ####...
 Lesser Beckoning         Tloc           ##........   12%         3    ####...
 Teleport Other           Tloc           ##......     12%         3    ####...
 Shroud of Golubria       Chrm/Tloc      #.....       14%         2    ###....
 Passage of Golubria      Tloc           N/A          36%         4    #####..


Dungeon Overview and Level Annotations

Branches:
Dungeon (1/15)

Altars:


Innate Abilities, Weirdness & Mutations

You cannot wear armour.
You are incapable of wielding weapons or throwing items.
Your paws allow you to move quietly. (Stealth)
You have sharp claws.
You have razor-sharp teeth.
You have supernaturally acute eyesight. (SInv)
You are carnivorous and can eat meat at any time.
You cover ground quickly.
You are covered in fur. (AC +1)
You have a slow metabolism.
Your sharp claws are effective at attacking unaware monsters.


Message History

The helpless bat fails to defend itself.
You claw the bat!
You kill the bat!
No target in view!
You butcher the bat corpse.
h - a chunk of flesh You see here a bat skeleton. x2
Eating a chunk of flesh.
You eat the chunk of flesh.
This raw flesh tastes great.
You see here a +0 dagger.
A gnoll comes into view. It is wielding a +0 flail.
The gnoll shouts!
Found a stone staircase leading down.
You barely miss the gnoll. The gnoll hits you with a +0 flail.
You scratch the gnoll.
The gnoll is moderately wounded.
A goblin comes into view. It is wielding a +0 dagger.
The gnoll hits you with a +0 flail!
Ouch! That really hurt!
You die...

..#.#.##+++##.##.
.........(. ##.#
.##.##...# ##.##
.##.##.### #.>.#
.......#### #...#
.##.......# #...######
.##....#..#####........#
.###.#....#............#
.###.#...)...>..@g.....g
.......##.#............#
##.....##.#####...####.#
....#.....# #......
.#..#...### #...###
...รท###.# #...#
.###....# .....
...#.#.## ##.##.
#..#.#.#


You could see a gnoll and a goblin (wandering).

Vanquished Creatures
  A dart slug (D:1)
  A leopard gecko (D:1)
  3 bats (D:1)
  2 giant cockroaches (D:1)
  3 kobolds (D:1)
  A rat (D:1)
11 creatures vanquished.

Notes
Turn   | Place    | Note
-------+----------+-------------------------------------------
     0 | D:1      | Descartes the Felid Warper began the quest for the Orb.
     0 | D:1      | Reached XP level 1. HP: 9/9 MP: 4/4
    23 | D:1      | Reached skill level 1 in Stealth
    86 | D:1      | Reached XP level 2. HP: 4/13 MP: 6/6
   478 | D:1      | Slain by a gnoll

Illustrated notes

Levels and vault maps discovered:
D:1:      dpeg_arrival_windows_large_door, layout_loops_cross,
          minmay_pentomino_v2

Skill      XL: |  1 |
---------------+----+-----
Stealth        | 1 |  1.7
Fighting       | |  2.0
Dodging        | |  3.4
Unarmed Combat | |  2.4
Spellcasting   | |  2.0
Translocations | |  4.4

Action                   || total
-------------------------++-------
Melee: Unarmed           ||    32
       Bite              ||     1
 Stab: Sleeping          ||     2
  Eat: Chunk             ||     6
Dodge: Dodged            ||    23
